 Dungeon Crawl Stone Soup version 0.29.1-15-g9cfb28693d (console) character file.

Game seed: 7618837216454626604

10 sentinel the Digger (level 2, 20/20 HPs)
             Began as a Meteoran Earth Elementalist on Sept 10, 2023.
             Quit the game on level 1 of the Dungeon.
             The game lasted 00:00:08 (136 turns).

sentinel the Digger (Meteoran Earth Elementalist)    Turns: 136, Time: 00:00:09

Health: 20/20      AC:  2    Str:  9    XL:     2   Next: 47%
Magic:  6/6        EV: 12    Int: 16    God:
Gold:   0          SH:  0    Dex: 14    Spells: 5/6 levels left

rFire   . . .      SeeInvis .   (no weapon)
rCold   . . .      Faith    .   (no shield)
rNeg    . . .      Spirit   .   a - +0 robe
rPois   .          Reflect  .   (no helmet)
rElec   .          Harm     .   (no cloak)
rCorr   .          Rampage  .   (no gloves)
Will    .....                   (no boots)
Stlth   +.........              (no amulet)
HPRegen 0.06/turn               (no ring)
MPRegen 0.10/turn               (no ring)

@: glowing
A: sense surroundings 1, otherworldly, glowing, explore regen
a: no special abilities


You were on level 1 of the Dungeon.
You visited 1 branch of the dungeon, and saw 1 of its levels.

Inventory:

Armour
 a - a +0 robe (worn)
Scrolls
 c - a scroll of fear {unknown}
Potions
 b - a potion of magic


   Skills:
 - Level 2.4 Dodging
 - Level 1.4 Stealth
 - Level 2.6 Spellcasting
 - Level 1.2 Transmutations
 + Level 4.4 Earth Magic


You had 5 spell levels left.
You knew the following spells:

 Your Spells              Type           Power      Damage    Failure   Level
a - Sandblast             Erth           32%        2d9       3%          1

Your spell library contained the following spells:

 Spells                   Type           Power      Damage    Failure   Level
 Passwall                 Tmut/Erth      9%         N/A       9%          2
 Apportation              Tloc           4%         N/A       19%         1
 Necrotise                Necr           8%         1d4       19%         1
 Summon Small Mammal      Summ           8%         N/A       19%         1
 Stone Arrow              Conj/Erth      18%        3d8       24%         3
 Petrify                  Tmut/Erth      11%        N/A       52%         4


Dungeon Overview and Level Annotations

Branches:
Dungeon (1/15) Zot: 458

Altars:


Innate Abilities, Weirdness & Mutations

You passively map a small area around you.
You are easily found by Zot.
You glow in the dark.
You regain HP and MP as you explore.


Message History

You kill the dart slug!
The frilled lizard hisses angrily.
Your Earth Magic skill increases to level 4!
The blast of sand hits the ball python!
You kill the ball python!
You have reached level 2!
The blast of sand hits the frilled lizard.
You kill the frilled lizard!
Unknown command.
You can't see any susceptible monsters within range! (Use Z to cast anyway.) Unknown command.
You can't see any susceptible monsters within range! (Use Z to cast anyway.) Unknown command.
No target in view!
No target in view!
You can't see any susceptible monsters within range! (Use Z to cast anyway.) Unknown command.
You can't see any susceptible monsters within range! (Use Z to cast anyway.) Unknown command.
You can't see any susceptible monsters within range! (Use Z to cast anyway.) Unknown command.
You can't see any susceptible monsters within range! (Use Z to cast anyway.) Unknown command.
c - a scroll labelled COPHUCL IFIUM Unknown command.
Found 12 gold pieces.
Unknown command.
Magic restored.
Found a stone staircase leading down.
Unknown command.
There is a stone staircase leading down here.
There is a stone staircase leading down here.
Found 8 gold pieces.
Unknown command.
A hobgoblin comes into view.
The hobgoblin shouts!
Unknown command.
The blast of sand hits the hobgoblin.
The hobgoblin is severely wounded.
A frilled lizard comes into view.
A quokka comes into view.
The blast of sand hits the hobgoblin.
You kill the hobgoblin!
The frilled lizard hisses angrily.
Unknown command.
You can't see any susceptible monsters within range! (Use Z to cast anyway.) Unknown command.
You can't see any susceptible monsters within range! (Use Z to cast anyway.) Unknown command.
You can't see any susceptible monsters within range! (Use Z to cast anyway.) Unknown command.
The blast of sand hits the quokka.
The quokka is almost dead.
The blast of sand hits the quokka!
You kill the quokka!
The frilled lizard barely misses you.
Unknown command.
The blast of sand misses the frilled lizard.
The frilled lizard bites you.
Unknown command.
The blast of sand misses the frilled lizard.
The frilled lizard bites you.
The frilled lizard bites you but does no damage.
Unknown command.
The blast of sand hits the frilled lizard!
You kill the frilled lizard!
Unknown command.
No target in view!
No target in view!
You are out of magic!
Unknown command.
You are out of magic!
Unknown command.
You are out of magic!
Unknown command.
You are out of magic!
Unknown command.
You see here a quokka corpse.
You see here a hobgoblin corpse.
HP restored.
You open the door.
There is an open door here.
Found a leather armour.
Unknown command.
Found 11 gold pieces.
Unknown command.
A rat comes into view.
Unknown command.
But you're not safe!
Unknown command.
But you're not safe!
Unknown command.
The blast of sand hits the rat!
You kill the rat!
You can't see any susceptible monsters within range! (Use Z to cast anyway.) Unknown command.
You can't see any susceptible monsters within range! (Use Z to cast anyway.) Unknown command.
You can't see any susceptible monsters within range! (Use Z to cast anyway.) Unknown command.
You can't see any susceptible monsters within range! (Use Z to cast anyway.) Unknown command.
No target in view!
No target in view!
You can't see any susceptible monsters within range! (Use Z to cast anyway.) Unknown command.
You can't see any susceptible monsters within range! (Use Z to cast anyway.) Unknown command.
You can't see any susceptible monsters within range! (Use Z to cast anyway.) Unknown command.
You can't see any susceptible monsters within range! (Use Z to cast anyway.) Unknown command.
No target in view!
No target in view!
You can't see any susceptible monsters within range! (Use Z to cast anyway.) Unknown command.
You can't see any susceptible monsters within range! (Use Z to cast anyway.) Unknown command.
You can't see any susceptible monsters within range! (Use Z to cast anyway.) Unknown command.
You can't see any susceptible monsters within range! (Use Z to cast anyway.) Unknown command.
Found a stone staircase leading down.
Unknown command.
A bat and a kobold come into view.
Unknown command.
But you're not safe!
Unknown command.
But you're not safe!
Unknown command.
But you're not safe!
Unknown command.
Unknown command.
Okay, then.
There are monsters nearby!
Unknown command.
Okay, then.
There are monsters nearby!
Unknown command.
Okay, then.
There are monsters nearby!
Unknown command.
Okay, then.
There are monsters nearby!
Unknown command.
Okay, then.
There are monsters nearby!
Unknown command.
Unknown command.
Unknown command.
Are you sure you want to abandon this character and quit the game? (Confirm with "yes".)

....##########
.........[...#
....##....##.# ######
....##....##.#####....###
....##....##.##...†.....#
....##....##.##.........##
....'..................>..
....####.........#......#*
* * ...†##
#........@#####....
...†.###.......$...# ## *
* ##....##........##.#* *
* #....##........# .#*
#....##.......b# ,. *
##.....#......... .# * * ,
* .......# ###K..., ,# ,,
.......+ +.... , ,
.......#* ,,


You could see a bat and a kobold.

Vanquished Creatures
  A dart slug (D:1)
  A ball python (D:1)
  A goblin (D:1)
  A hobgoblin (D:1)
  A quokka (D:1)
  2 frilled lizards (D:1)
  A rat (D:1)
8 creatures vanquished.

Notes
Turn   | Place    | Note
-------+----------+-------------------------------------------
     0 | D:1      | sentinel the Meteoran Earth Elementalist began the quest
                  | for the Orb.
     0 | D:1      | Reached XP level 1. HP: 14/14 MP: 5/5
    17 | D:1      | Found a faded altar of an unknown god.
    24 | D:1      | Reached skill level 4 in Earth Magic
    25 | D:1      | Reached XP level 2. HP: 20/20 MP: 2/6
   136 | D:1      | Quit the game

Illustrated notes

Levels and vault maps discovered:
D:1:      mrwooster_arrival_arrow, layout_basic,
          dreamdust_ecumenical_altar_statues

Skill      XL: |  1 |
---------------+----+-----
Earth Magic    | 4 |  4.4
Dodging        | |  2.4
Stealth        | |  1.4
Spellcasting   | |  2.6
Transmutations | |  1.2

Action                   || total
-------------------------++-------
 Cast: Sandblast         ||    12
Armor: Robe              ||     1
Dodge: Dodged            ||     1
